 Dungeon Crawl Stone Soup version 0.29-a0-299-g4c793a2ed2 (webtiles) character file.

Game seed: 7285853534884684555

25 void236 the Slasher (level 2, -2/27 HPs)
             Began as a Minotaur Monk on Mar 24, 2022.
             Slain by a steam dragon (5 damage)
             ... on level 6 of the Dungeon.
             The game lasted 00:22:06 (809 turns).

void236 the Slasher (Minotaur Monk)                  Turns: 809, Time: 00:22:06

Health: -2/27      AC: 10    Str: 15    XL:     2   Next: 82%
Magic:  0/1        EV:  4    Int:  7    God:
Gold:   97         SH:  0    Dex: 12    Spells: 0/1 levels left

rFire   . . .      SeeInvis .   j - +1 dagger (venom)
rCold   . . .      Faith    .   (no shield)
rNeg    . . .      Spirit   .   r - +0 plate armour
rPois   .          Reflect  .   (helmet restricted)
rElec   .          Harm     .   (no cloak)
rCorr   .          Rampage  .   (no gloves)
Will    .....                   (no boots)
Stlth   ..........              (no amulet)
HPRegen 0.09/turn               (no ring)
MPRegen 0.07/turn               (no ring)

@: no status effects
A: horns 2, retaliatory headbutt
a: no special abilities


You were on level 6 of the Dungeon.
You visited 1 branch of the dungeon, and saw 4 of its levels.

You collected 97 gold pieces.

Inventory:

Hand Weapons
 a - a +0 falchion
 j - a +1 dagger of venom (weapon)
 q - a +3 dagger
Armour
 b - a +0 robe
 m - a +0 robe
 n - a +0 buckler
 r - a +0 plate armour (worn)
Jewellery
 l - a ring of willpower
Scrolls
 d - a scroll of fog (quivered) {unknown}
 f - a scroll of enchant armour {unknown}
 h - a scroll of identify {unknown}
 i - 2 scrolls of teleportation
 o - a scroll of fear {unknown}
 p - a scroll of holy word {unknown}
Potions
 c - a potion of ambrosia
 e - a potion of curing {unknown}
 g - a potion of might {unknown}
 k - a potion of invisibility {unknown}


   Skills:
 + Level 4.1 Fighting
 + Level 4.1 Long Blades
 + Level 3.5 Dodging
 + Level 1.8 Stealth


You couldn't memorise any spells.
You knew the following spells:

 Your Spells              Type           Power      Damage    Failure   Level
a - Pain                  Necr           0%         1d4       100%        1

Your spell library contained the following spells:

 Spells                   Type           Power      Damage    Failure   Level
 Portal Projectile        Hex/Tloc       0%         N/A       100%        3
 Agony                    Necr           0%         N/A       100%        5
 Blade Hands              Tmut           0%         N/A       100%        5
 Excruciating Wounds      Necr           0%         N/A       100%        5


Dungeon Overview and Level Annotations

Branches:
Dungeon (6/15)
 Temple: D:4-7

Altars:


Innate Abilities, Weirdness & Mutations

You have a pair of horns on your head.
You reflexively headbutt those who attack you in melee.


Message History

You headbutt the steam dragon, but do no damage.
The steam dragon is lightly wounded.
The steam dragon breathes steam at you. The ball of steam hits you!
You hit the steam dragon but do no damage.
The steam dragon looks as sick as possible!
The steam dragon is lightly wounded.
You are engulfed in a cloud of scalding steam.
A hound comes into view.
The steam dragon bites you but does no damage.
The steam dragon claws you but does no damage.
The hound barks!
You hit the steam dragon but do no damage.
The steam dragon is lightly wounded.
You are engulfed in a cloud of scalding steam.
The steam dragon bites you but does no damage.
The steam dragon claws you but does no damage.
You hit the steam dragon but do no damage.
The steam dragon looks as sick as possible!
Your headbutt misses the steam dragon.
The steam dragon is moderately wounded.
You are engulfed in a cloud of scalding steam.
The steam dragon bites you but does no damage.
The steam dragon claws you but does no damage.
You hit the steam dragon but do no damage.
The steam dragon looks as sick as possible!
The steam dragon is moderately wounded.
You are engulfed in a cloud of scalding steam.
A necrophage comes into view.
The steam dragon breathes steam at you. The ball of steam hits you!
* * * LOW HITPOINT WARNING * * *
The steam dragon attacks as you move away!
The steam dragon bites you but does no damage.
The steam dragon claws you but does no damage.
The hound attacks as you move away!
The hound bites you but does no damage. x2
Your magical contamination has completely faded away.
The steam dragon attacks as you move away!
The steam dragon bites you.
You die...

.# #n### ....# #.#.#
##### #.#.#
##...####.#.########
#.....##....ยง.......
#........#..D...#
#.....##....h@..#
##<..####.##(#.......
##.## #....#.......
#.# #..#####..... #..
##.. .#### ### #... #
.... ..... ......


You could see a steam dragon (extremely poisoned) and a hound.

Vanquished Creatures
  A dart slug (D:2)
  2 ball pythons
  A bat (D:2)
  2 endoplasms (D:1)
  3 giant cockroaches
  3 hobgoblins (D:1)
  A quokka (D:1)
  A frilled lizard (D:1)
  2 goblins (D:1)
  A kobold (D:2)
  3 rats
20 creatures vanquished.

Notes
Turn   | Place    | Note
-------+----------+-------------------------------------------
     0 | D:1      | void236 the Minotaur Monk began the quest for the Orb.
     0 | D:1      | Reached XP level 1. HP: 19/19 MP: 0/0
   119 | D:1      | Reached XP level 2. HP: 17/27 MP: 1/1
   634 | D:2      | Learned a level 1 spell: Pain
   785 | D:3      | You fall into a shaft and drop 3 floors!
   794 | D:6      | Noticed a steam dragon
   805 | D:6      | Noticed a necrophage
   809 | D:6      | Slain by a steam dragon

Illustrated notes

Levels and vault maps discovered:
D:1:      lemuel_arrival_funnel, layout_rooms
D:2:      layout_loops_ring
D:3:      layout_loops_ring, chequers_serial_rivers_large_a,
          kennysheep_big_empty_room, uniq_natasha
D:6:      layout_loops_ring

Skill      XL: |  1  2 |
---------------+-------+-----
Long Blades    | 4 |  4.1
Fighting       | 4 |  4.1
Dodging        | |  3.5
Stealth        | |  1.8

Action                   || total
-------------------------++-------
Melee: Falchion          ||    22
       Headbutt          ||     8
       Punch             ||     1
       Dagger            ||    26
  Use: Scroll            ||     1
 Stab: Sleeping          ||     1
Armor: Robe              ||     3
       Plate armour      ||    11
Dodge: Dodged            ||    34

Table legend: (Time is in decaauts)
 A = Elapsed time spent in this place.
 B = Non-inter-level travel time spent in this place.
 C = Inter-level travel time spent in this place.
 D = Time resting spent in this place.
 E = Time spent auto-exploring this place.
 F = Levels seen in this place.
 G = Mean time per level.
                   A        B        C        D        E       F      G
               +--------+--------+--------+--------+--------+-----+--------+
         Total |    807 |    334 |    473 |      0 |     76 |   4 |  201.8 |
       Dungeon |    807 |    334 |    473 |      0 |     76 |   4 |  201.8 |
               +--------+--------+--------+--------+--------+-----+--------+

Top non-repeatable levels by time:
     D:1: 429 daAuts
     D:2: 214 daAuts
     D:3: 140 daAuts
     D:6: 23 daAuts
